 Dungeon Crawl Stone Soup version 0.27-a0-797-g27d10ad80f (webtiles) character file.

Game seed: 11517549685061166156

294 FacelessVoid the Firebug (level 6, -5/41 HPs)
             Began as a Demonspawn Fire Elementalist on Mar 28, 2021.
             Killed from afar by Grinder (11 damage)
             ... with a puff of flame
             ... on level 3 of the Dungeon.
             The game lasted 00:11:14 (4182 turns).

FacelessVoid the Firebug (DsFE)                     Turns: 4182, Time: 00:11:15

Health: -5/41      AC:  3    Str:  8    XL:     6   Next: 11%
Magic:  11/11      EV: 12    Int: 19    God:
Gold:   101        SH:  0    Dex: 13    Spells: 6/12 levels left

rFire    . . .     SeeInvis .   c - +2 dagger (elec)
rCold    . . .     Faith    .   (no shield)
rNeg     . . .     Spirit   .   a - +0 robe
rPois    .         Reflect  .   (helmet restricted)
rElec    .         Harm     .   n - +0 cloak
rCorr    +         Rampage  .   (no gloves)
Will     .....                  (no boots)
Stlth    +.........             (no amulet)
HPRegen  0.13/turn              m - ring of resist corrosion
MPRegen  0.12/turn              (no ring)

@: silenced
A: horns 1, powered by death 1, spiny 1
a: no special abilities


You were on level 3 of the Dungeon.
You visited 1 branch of the dungeon, and saw 4 of its levels.

You collected 101 gold pieces.

Inventory:

Hand Weapons
 c - a +2 dagger of electrocution (weapon)
Armour
 a - a +0 robe (worn)
 n - a +0 cloak (worn)
Jewellery
 m - a ring of resist corrosion (left hand)
Scrolls
 d - a scroll of acquirement {unknown}
 h - a scroll of immolation {unknown}
 i - a scroll of teleportation {unknown}
 j - a scroll of brand weapon {unknown}
 l - a scroll of noise {unknown}
Potions
 e - 2 potions of curing
 g - 2 potions of attraction
 k - a potion of heal wounds


   Skills:
 + Level 0.2 Short Blades
 - Level 1.7 Dodging
 - Level 1.7 Stealth
 + Level 3.8 Spellcasting
 + Level 3.2 Conjurations
 + Level 4.3 Fire Magic


You had 6 spell levels left.
You knew the following spells:

 Your Spells              Type           Power      Damage    Failure   Level
a - Foxfire               Conj/Fire      72%        2x1d7     3%          1
b - Blink                 Tloc           N/A        N/A       22%         2
c - Conjure Flame         Conj/Fire      18%        6-21      9%          3

Your spell library contained the following spells:

 Spells                   Type           Power      Damage    Failure   Level
 Magic Dart               Conj           60%        1d6       3%          1
 Inner Flame              Hex/Fire       11%        N/A       17%         3
 Call Imp                 Summ           3%         N/A       22%         2
 Slow                     Hex            3%         N/A       22%         2
 Mephitic Cloud           Conj/Pois/Air  7%         N/A       26%         3
 Sticky Flame             Conj/Fire      18%        2d4       28%         4
 Confusing Touch          Hex            3%         N/A       38%         3
 Gell's Gravitas          Tloc           1%         N/A       38%         3
 Fireball                 Conj/Fire      9%         3d6       63%         5
 Petrify                  Tmut/Erth      3%         N/A       80%         4
 Metabolic Englaciation   Hex/Ice        1%         N/A       98%         5
 Yara's Violent Unravell  Hex/Tmut       1%         3d3       98%         5


Dungeon Overview and Level Annotations

Branches:
Dungeon (4/15)
 Temple: D:4-7

Altars:
Makhleb
Wu Jian

Shops:
D:3 (

Annotations:
D:3 3 runed translucent doors, Grinder; rageheart7's ghost, amateur DDAr


Innate Abilities, Weirdness & Mutations

You have a pair of small horns on your head.
You regenerate a little health from kills.
You are partially covered in sharp spines.


Message History

The foxfire hits the gnoll.
The gnoll is heavily wounded.
Your foxfire dissipates!
Casting: Foxfire (safe; 3% risk of failure)
Confirm with . or Enter, or press ? or * to list all spells.
You conjure some foxfire!
The gnoll hits you from afar with a +0 spear.
The foxfire hits the gnoll.
The gnoll is severely wounded.
The foxfire hits the gnoll.
The gnoll is almost dead.
The gnoll hits you from afar with a +0 spear!
Casting: Foxfire (safe; 3% risk of failure)
Confirm with . or Enter, or press ? or * to list all spells.
You conjure some foxfire!
The gnoll hits you from afar with a +0 spear.
The foxfire hits the gnoll.
You kill the gnoll!
You start resting.
Your foxfire dissipates!
You start resting.
Magic restored.
You start resting.
HP restored.
Things that are here:
a +0 spear; a gnoll corpse Grinder is nearby!
Grinder shouts!
Grinder zaps a wand.
The puff of flame hits you!
Grinder zaps a wand.
The puff of flame hits you.
Grinder zaps a wand.
The puff of flame hits you!
Things that are here:
a +0 spear; a gnoll corpse Grinder blinks!
Grinder zaps a wand.
The puff of flame hits you!
* * * LOW HITPOINT WARNING * * *
As you read the scroll labelled XISKAE MOSUGI, it crumbles to dust.
A profound silence engulfs you.
It was a scroll of silence.
Grinder zaps a wand.
The puff of flame hits you!
You die...

.........##.# #.# #.#
#####.......# #.# #.####
###..#### #.# #....# #..###
#.# ####.# #....# #.# #.#
#.##.# #.# #.# #.##.# #.#
####.# ###.##.# #.# #....#
#...##># #@# #.####
#####>####.# #.# #.#
.......###.# #.# #.#
...........# #.# #.#
#####..##### #5# #†# #..#
#.# #.# #..#
#.###########5#
#..#########.##..5.......#
##......5..)..##.##########


You could see Grinder.

Vanquished Creatures
  A black bear (D:2)
  A crimson imp (D:2)
  A jelly (D:4)
  3 gnolls (D:3)
  An adder (D:2)
  A shadow imp (D:2)
  2 worms (D:2)
  3 dart slugs
  6 ball pythons
  7 endoplasms
  4 giant cockroaches
  8 goblins
  5 hobgoblins
  10 jackals
  10 kobolds
  4 quokkas
  6 bats
  5 frilled lizards
  2 rats
80 creatures vanquished.

Vanquished Creatures (others)
  223 foxfires
223 creatures vanquished.

Grand Total: 303 creatures vanquished

Notes
Turn   | Place    | Note
-------+----------+-------------------------------------------
     0 | D:1      | FacelessVoid the Demonspawn Fire Elementalist began the
                  | quest for the Orb.
     0 | D:1      | Reached XP level 1. HP: 13/13 MP: 3/3
   337 | D:1      | Reached skill level 3 in Fire Magic
   390 | D:1      | Gained mutation: You have a pair of small horns on your
                  | head. [demonic ancestry]
   390 | D:1      | Reached XP level 2. HP: 12/19 MP: 1/5
  1523 | D:1      | Reached XP level 3. HP: 24/24 MP: 3/6
  1878 | D:1      | Learned a level 2 spell: Blink
  2154 | D:2      | Noticed a black bear
  2160 | D:2      | Learned a level 3 spell: Conjure Flame
  2265 | D:2      | Reached XP level 4. HP: 30/30 MP: 3/8
  2478 | D:2      | Found a burning altar of Makhleb.
  2699 | D:2      | Found an ornate altar of the Wu Jian Council.
  2839 | D:2      | Killed a black bear
  2840 | D:2      | Reached skill level 4 in Fire Magic
  2840 | D:2      | Gained mutation: You regenerate a little health from kills.
                  | [demonic ancestry]
  2840 | D:2      | Reached XP level 5. HP: 22/35 MP: 2/10
  3045 | D:3      | Found Teazuun's Antique Weapon Shop.
  3233 | D:3      | Noticed rageheart7's ghost (amateur DDAr)
  3235 | D:3      | Found a runed translucent gate.
  3236 | D:3      | Found a runed translucent gate.
  3421 | D:3      | Noticed Grinder
  3520 | D:3      | Found a runed translucent gate.
  3707 | D:4      | Gained mutation: You are partially covered in sharp spines.
                  | [demonic ancestry]
  3707 | D:4      | Reached XP level 6. HP: 41/41 MP: 3/11
  4182 | D:3      | Killed from afar by Grinder

Illustrated notes

Levels and vault maps discovered:
D:1:      evilmike_arrival_fibonacci_small, layout_loops_ring
D:2:      layout_rooms, pdpol_wu_jian_five_deadly_venoms, makhleb_grotto_becter
D:3:      minmay_bubble_buster, layout_loops_ring, gammafunk_ghost_split,
          serial_shops, shop, uniq_grinder
D:4:      layout_loops_corners, marbit_many_paths, kennysheep_little_box,
          nicolae_qazlal_eye_of_the_storm, minmay_temple_entry_butterflies

Skill      XL: |  1  2  3  4  5 |
---------------+----------------+-----
Fire Magic     | 3 4 |  4.3
Conjurations   | 2 3 |  3.2
Spellcasting   | 3 |  3.8
Short Blades   | |  0.2
Dodging        | |  1.7
Stealth        | |  1.7

Action                   |  1- 3 |  4- 6 || total
-------------------------+-------+-------++-------
Melee: Unarmed           |    20 |       ||    20
       Headbutt          |     3 |     3 ||     6
       Dagger            |     2 |    17 ||    19
 Cast: Foxfire           |    65 |    74 ||   139
       Conjure Flame     |       |     1 ||     1
  Use: Scroll            |       |     4 ||     4
Armor: Robe              |    15 |     2 ||    17
Dodge: Dodged            |    47 |    20 ||    67

Table legend: (Time is in decaauts)
 A = Elapsed time spent in this place.
 B = Non-inter-level travel time spent in this place.
 C = Inter-level travel time spent in this place.
 D = Time resting spent in this place.
 E = Time spent auto-exploring this place.
 F = Levels seen in this place.
 G = Mean time per level.
                   A        B        C        D        E       F      G
               +--------+--------+--------+--------+--------+-----+--------+
         Total |   4180 |   4140 |     40 |   1678 |   1631 |   4 | 1045.0 |
       Dungeon |   4180 |   4140 |     40 |   1678 |   1631 |   4 | 1045.0 |
               +--------+--------+--------+--------+--------+-----+--------+

Top non-repeatable levels by time:
     D:1: 2054 daAuts
     D:2: 979 daAuts
     D:3: 777 daAuts
     D:4: 369 daAuts
